 Dungeon Crawl Stone Soup version 0.21-a0-154-gb5400c9 (webtiles) character file.

4872 FRamirez the Carver (level 10, 0/79 HPs)
             Began as a Human Berserker on Aug 3, 2017.
             Was an Elder of Trog.
             Slain by a white ugly thing (12 damage)
             ... on level 9 of the Dungeon.
             The game lasted 01:15:19 (7601 turns).

FRamirez the Carver (Human Berserker)               Turns: 7601, Time: 01:15:20

Health: 0/79       AC:  9    Str: 21    XL:     10   Next: 79%
Magic:  10/10      EV: 15    Int:  8    God:    Trog [****..]
Gold:   124        SH:  3    Dex: 12    Spells: 9/9 levels left

rFire    . . .     SeeInvis .   p - +0 scimitar
rCold    . . .     Gourm    .   x - +0 buckler
rNeg     . . .     Faith    .   q - +1 leather armour {MR+}
rPois    .         Spirit   .   A - +1 helmet
rElec    .         Reflect  .   e - +0 cloak
rCorr    +         Harm     .   y - +0 pair of gloves
MR       +....                  (no boots)
Stlth    ++........             k - amulet of regeneration
HPRegen  0.63/turn              d - +2 ring of evasion
MPRegen  0.12/turn              g - ring of resist corrosion

@: berserk cooldown, slowed, very slow
A: no striking features
a: Berserk, Trog's Hand, Brothers in Arms, Burn Spellbooks, Renounce Religion


You were on level 9 of the Dungeon.
You worshipped Trog.
Trog was greatly pleased with you.
You were hungry.

You visited 1 branch of the dungeon, and saw 9 of its levels.

You collected 299 gold pieces.
You spent 175 gold pieces at shops.

Inventory:

Hand Weapons
 a - a +1 falchion
 p - a +0 scimitar (weapon)
 s - the +8 flail of Floods {freeze, rPois Dex+4 Stlth+, unknown}
   (You found it on level 6 of the Dungeon)

   It has been specially enchanted to freeze those struck by it, causing extra
   injury to most foes and up to half again as much damage against particularly
   susceptible opponents.
   It can also slow down cold-blooded creatures.
   It affects your dexterity (+4).
   It protects you from poison.
   It makes you more stealthy.
 C - a cursed -1 shortbow
Armour
 e - a +0 cloak (worn)
 q - a +1 leather armour of magic resistance (worn)
 x - a +0 buckler (worn)
 y - a +0 pair of gloves (worn)
 A - a +1 helmet (worn)
Jewellery
 d - a +2 ring of evasion (left hand)
 g - a ring of resist corrosion (right hand)
 k - an amulet of regeneration (around neck)
Wands
 b - a wand of disintegration (19/24)
 h - a wand of iceblast (11/15)
Scrolls
 j - 3 scrolls of enchant weapon
 m - 3 scrolls of remove curse
 n - 5 scrolls of identify
 o - 2 scrolls of magic mapping
 r - a scroll of teleportation
 t - 2 scrolls of fear
 u - a scroll of fog
 v - a scroll of acquirement {unknown}
 D - 3 scrolls of summoning {unknown}
Potions
 i - 3 potions of flight
 w - a potion of haste
 z - 2 potions of curing
Comestibles
 c - 6 bread rations
 f - 3 royal jellies
 l - 5 meat rations


   Skills:
 + Level 7.2 Fighting
 + Level 11.2 Long Blades
 + Level 5.1 Armour
 + Level 5.4 Dodging
 + Level 4.0 Stealth
 + Level 1.1 Shields


You had 9 spell levels left.
You didn't know any spells.

Dungeon Overview and Level Annotations

Branches:
Dungeon (9/15)             Temple (0/1) D:4
   Lair: D:8-11         Orc: D:9-12

Altars:
Ashenzari
Makhleb
Okawaru
Wu Jian
Xom
Zin

Shops:
D:8 :[(


Message History

You hit the white ugly thing but do no damage.
The white ugly thing is severely wounded.
The white ugly thing engulfs you! The white ugly thing freezes you!
You are too injured to fight recklessly!
You are too injured to fight recklessly!
You are too injured to fight recklessly!
You are too injured to fight recklessly!
You are too injured to fight recklessly!
You slash the white ugly thing!
The white ugly thing is severely wounded.
The white ugly thing engulfs you! The white ugly thing freezes you!
* * * LOW HITPOINT WARNING * * *
The white ugly thing completely misses you.
You barely miss the white ugly thing.
The white ugly thing is severely wounded.
The white ugly thing misses you.
You hit the white ugly thing.
The white ugly thing is almost dead.
The white ugly thing engulfs you!
You die...

#..#..# #..#..# #..#..##
#.#..#.... .........# #
#.#..#.... ..#..#...# #.## #
#........ .....#...# #.u.##.#
#......## .....#...# #.####u..#
#......## .........# #..†.@####.#
#........ .........#.######.....#
#......##
.........#.......######.#........
.........########.......#......##
#.####.#.........########......##
#.## #.#.........................
...# #.#.#.......................
...###......####..##...###..#.###
.................................


You could see a white ugly thing.

Vanquished Creatures
  A two-headed ogre (D:9)
  Pikel (D:7)
  An ugly thing (D:9)
  A hippogriff (D:8)
  Duvessa (D:4)
  A water moccasin (D:7)
  2 orc warriors
  An ice beast (D:5)
  2 sky beasts
  The ghost of Alethiolet the Covered, an amateur GnWn (D:3)
  3 centaurs
  2 ogres
  2 big kobolds (D:5)
  Blork the orc (D:4)
  2 bullfrogs
  Dowan (D:4)
  2 scorpions
  3 howler monkeys
  6 crimson imps
  4 jellies
  3 hounds
  2 orc priests
  2 bullfrog skeletons
  Ijyb (D:5)
  2 iguanas
  2 orc wizards
  8 worker ants
  9 adders
  3 gnolls (D:5)
  2 shadow imps
  2 worms
  3 dart slugs
  5 leopard geckos
  11 orcs
  5 ball pythons
  11 bats
  2 giant cockroaches (D:1)
  9 goblins
  9 hobgoblins
  8 jackals
  6 quokkas
  5 frilled lizards
  A jackal skeleton (D:3)
  A jackal zombie (D:5)
  18 kobolds
  5 rats
173 creatures vanquished.

Vanquished Creatures (collateral kills)
  A two-headed ogre (D:8)
  A troll (D:7)
  An orc (D:8)
3 creatures vanquished.

Vanquished Creatures (others)
  A slave (D:7)
  An orc wizard (D:4)
2 creatures vanquished.

Grand Total: 178 creatures vanquished

Notes
Turn   | Place    | Note
-------+----------+-------------------------------------------
     0 | D:1      | FRamirez the Human Berserker began the quest for the Orb.
     0 | D:1      | Reached XP level 1. HP: 18/18 MP: 1/1
   558 | D:1      | Reached XP level 2. HP: 20/24 MP: 2/2
   631 | D:1      | Found an iron altar of Okawaru.
  1046 | D:1      | Reached XP level 3. HP: 29/29 MP: 3/3
  1684 | D:2      | Reached ** piety under Trog
  1801 | D:2      | Reached XP level 4. HP: 16/37 MP: 4/4
  1806 | D:2      | Reached skill level 1 in Stealth
  2507 | D:3      | Reached XP level 5. HP: 15/42 MP: 5/5
  2634 | D:3      | Reached skill level 4 in Long Blades
  3153 | D:3      | Noticed Alethiolet's ghost (amateur GnWn)
  3168 | D:3      | Killed Alethiolet's ghost
  3168 | D:3      | Reached XP level 6. HP: 49/49 MP: 6/6
  3279 | D:3      | Reached *** piety under Trog
  3823 | D:4      | Noticed an ogre
  3827 | D:4      | Killed an ogre
  3966 | D:4      | Reached skill level 5 in Long Blades
  4123 | D:4      | Noticed Blork the orc
  4142 | D:4      | Killed Blork the orc
  4142 | D:4      | Reached XP level 7. HP: 55/55 MP: 7/7
  4188 | D:4      | Noticed Dowan
  4241 | D:4      | Noticed Duvessa
  4244 | D:4      | Killed Duvessa
  4251 | D:4      | Killed Dowan
  4505 | D:4      | Reached skill level 6 in Long Blades
  4505 | D:4      | Reached XP level 8. HP: 57/61 MP: 8/8
  4606 | D:4      | Found a staircase to the Ecumenical Temple.
  4649 | D:5      | Entered Level 5 of the Dungeon
  4650 | D:5      | Noticed Ijyb
  4663 | D:5      | Killed Ijyb
  4663 | D:5      | Reached skill level 5 in Fighting
  4934 | D:5      | Reached skill level 7 in Long Blades
  5105 | D:5      | Found an ornate altar of the Wu Jian Council.
  5133 | D:5      | Reached **** piety under Trog
  5314 | D:5      | Reached XP level 9. HP: 66/69 MP: 9/9
  5703 | D:6      | Reached skill level 8 in Long Blades
  5883 | D:6      | Got a smoking flail
  5889 | D:6      | Found a shimmering altar of Xom.
  6054 | D:7      | Noticed Pikel
  6069 | D:7      | Killed Pikel
  6086 | D:7      | Reached skill level 9 in Long Blades
  6331 | D:7      | Found a burning altar of Makhleb.
  6372 | D:7      | Noticed a troll
  6384 | D:7      | Killed a troll
  6659 | D:8      | Noticed a two-headed ogre
  6666 | D:8      | Killed a two-headed ogre
  6666 | D:8      | Reached XP level 10. HP: 77/77 MP: 10/10
  6682 | D:8      | Reached skill level 10 in Long Blades
  6784 | D:8      | Reached skill level 5 in Dodging
  6805 | D:8      | Found Ziucyoqe's Weapon Boutique.
  6811 | D:8      | Reached skill level 5 in Armour
  6902 | D:8      | Found Woimmod's Armour Emporium.
  6929 | D:8      | Bought a +0 pair of gloves for 49 gold pieces
  6929 | D:8      | Bought a +1 helmet for 126 gold pieces
  6966 | D:8      | Found a shattered altar of Ashenzari.
  6966 | D:8      | Found a glowing silver altar of Zin.
  7131 | D:8      | Found Wudd's Book Emporium.
  7337 | D:9      | Noticed a two-headed ogre
  7346 | D:9      | Killed a two-headed ogre
  7580 | D:9      | Noticed a purple ugly thing
  7584 | D:9      | Noticed a white ugly thing
  7591 | D:9      | Killed a purple ugly thing
  7591 | D:9      | Reached skill level 11 in Long Blades
  7591 | D:9      | Reached skill level 1 in Shields
  7601 | D:9      | Slain by a white ugly thing

Vault maps used:
D:1:      dpeg_arrival_tiny_a, okawaru_ov_weapons_minmay
D:3:      first_bread
D:4:      lemuel_temple_firewalk_b, saegor_snake_ambush, uniq_duvessa,
          uniq_blork_the_orc
D:5:      cheibrodos_thug_alley, old_standard_altar, uniq_ijyb
D:6:      basic_altar
D:7:      lemuel_round_altar, uniq_pikel
D:8:      gammafunk_temple_overflow_pools, serial_shops, shop, shop, shop
D:9:      minmay_distorted_concentric_squares, orc_0_dummy, grunt_ogre_cave

Skill      XL: |  1  2  3  4  5  6  7  8  9 10 |
---------------+-------------------------------+-----
Stealth        | 1 2 3 4 |  4.0
Fighting       | 4 5 6 7 |  7.2
Long Blades    | 4 5 6 7 9 11 | 11.2
Armour         | 3 4 5 |  5.1
Dodging        | 3 4 5 |  5.4
Shields        | 1 |  1.1

Action                   |  1- 3 |  4- 6 |  7- 9 | 10-12 || total
-------------------------+-------+-------+-------+-------++-------
Melee: Falchion          |    76 |   148 |       |       ||   224
       Scimitar          |       |       |   209 |   121 ||   330
Invok: Berserk           |       |     3 |     1 |     2 ||     6
       Brothers in Arms  |       |       |     2 |       ||     2
       Burn Spellbooks   |       |       |     1 |       ||     1
  Use: Scroll            |     1 |     5 |     8 |       ||    14
       Potion            |     2 |       |     2 |       ||     4
 Stab: Sleeping          |     2 |     1 |     7 |       ||    10
  Eat: Chunk             |     3 |     5 |    10 |     5 ||    23
       Bread ration      |       |     1 |       |       ||     1
Armor: Animal skin       |    24 |       |       |       ||    24
       Leather armour    |     1 |    22 |    46 |    24 ||    93
       Scale mail        |       |    19 |       |       ||    19
Dodge: Dodged            |    94 |    95 |   187 |    62 ||   438
Block: Buckler           |       |       |     1 |    14 ||    15
       Rpst.: Falchion   |    21 |    20 |       |       ||    41
       Scimitar          |       |       |    64 |    20 ||    84
